 Dungeon Crawl Stone Soup version 0.28-a0-1624-g820543e53a (webtiles) character file.

Game seed: 2237482615359085590

21 HallandMoats the Skirmisher (level 2, -1/27 HPs)
             Began as a Ghoul Fighter on Jan 24, 2022.
             Slain by a hound (5 damage)
             ... on level 4 of the Dungeon.
             The game lasted 00:01:08 (1185 turns).

HallandMoats the Skirmisher (Ghoul Fighter)         Turns: 1185, Time: 00:01:08

Health: -1/27      AC:  6    Str: 19    XL:     2   Next: 87%
Magic:  1/1        EV:  9    Int:  3    God:
Gold:   91         SH:  4    Dex:  8    Spells: 1/1 levels left

rFire   . . .      SeeInvis .   a - +0 flail
rCold   + . .      Faith    .   c - +0 buckler
rNeg    + + +      Spirit   .   b - +0 scale mail
rPois   ∞          Reflect  .   (no helmet)
rElec   .          Harm     .   (no cloak)
rCorr   .          Rampage  .   (no gloves)
Will    .....                   (no boots)
Stlth   ..........              (no amulet)
HPRegen 0.00/turn               (no ring)
MPRegen 0.07/turn               (no ring)

@: inhibited regen
A: claws 1, cold resistance 1, negative energy resistance 3, inhibited
regeneration, torment resistance 2
a: no special abilities


You were on level 4 of the Dungeon.
You visited 1 branch of the dungeon, and saw 3 of its levels.

You collected 91 gold pieces.

Inventory:

Hand Weapons
 a - a +0 flail (weapon)
Armour
 b - a +0 scale mail (worn)
 c - a +0 buckler (worn)
Scrolls
 e - 3 scrolls of fear
 h - a scroll of enchant armour
 k - a scroll of holy word
 l - a scroll of teleportation
Potions
 d - 2 potions of might
 g - 2 potions of invisibility {unknown}
 i - a potion of degeneration {unknown}
 j - a potion of curing {unknown}


   Skills:
 * Level 3.7 Fighting
 * Level 2.1 Maces & Flails
 + Level 2.8 Armour
 + Level 0.3 Dodging
 + Level 2.8 Shields


You had one spell level left.
You didn't know any spells.
Your spell library was empty.

Dungeon Overview and Level Annotations

Branches:
Dungeon (2/15)

Altars:


Innate Abilities, Weirdness & Mutations

You thrive by killing the living.
You are immune to poison.
You have sharp fingernails.
Your flesh is cold resistant. (rC+)
You are immune to negative energy. (rN+++)
You do not regenerate when monsters are visible.
You are immune to unholy pain and torment.


Message History

You thump the hound!
The hound is heavily wounded.
The hound bites you but does no damage. The hound bites you.
You completely miss the hound.
The hound is heavily wounded.
The hound bites you. The hound barely misses you.
You closely miss the hound.
The hound is heavily wounded.
The hound bites you. The hound bites you but does no damage.
You hit the hound.
The hound is severely wounded.
You block the hound's attack. The hound bites you but does no damage.
You hit the hound.
The hound is severely wounded.
The hound bites you but does no damage. The hound closely misses you.
You hit the hound.
The hound is almost dead.
The hound bites you but does no damage. x2
You miss the hound.
The hound is almost dead.
The hound completely misses you. You block the hound's attack.
You barely miss the hound.
The hound is severely wounded.
The hound barely misses you. x2
You barely miss the hound.
The hound is severely wounded.
The hound completely misses you. You block the hound's attack.
You closely miss the hound.
The hound is severely wounded.
The hound bites you but does no damage. The hound bites you.
* * * LOW HITPOINT WARNING * * *
You closely miss the hound.
The hound is severely wounded.
The hound bites you.
* * * LOW HITPOINT WARNING * * *
The hound bites you but does no damage.
You closely miss the hound.
The hound is severely wounded.
The hound bites you.
You die...

#.# #.#
#.#.#
#.#.#
#####.#.#
#.....#.#
#....#
#.#.@#
#.!.h####
####....#
+.....#.#
#..#..#.#
⌠[.......
#...#.^..#
.........
#.. #.####
.##.......
### #....#
...h.....
####.#
#.......


You could see a hound.

Vanquished Creatures
  A worm (D:2)
  2 ball pythons
  An endoplasm (D:2)
  A giant cockroach (D:2)
  3 goblins
  2 hobgoblins
  A kobold (D:1)
  2 frilled lizards (D:1)
  4 rats (D:1)
17 creatures vanquished.

Notes
Turn   | Place    | Note
-------+----------+-------------------------------------------
     0 | D:1      | HallandMoats the Ghoul Fighter began the quest for the Orb.
     0 | D:1      | Reached XP level 1. HP: 19/19 MP: 0/0
   507 | D:1      | Reached XP level 2. HP: 26/26 MP: 1/1
  1128 | D:2      | You fall into a shaft and drop 2 floors!
  1150 | D:4      | Noticed a black bear
  1185 | D:4      | Slain by a hound

Illustrated notes

Levels and vault maps discovered:
D:1:      giann_forest_graveyard, layout_loops_corners
D:2:      layout_basic, minmay_strange_pillars, grunt_ministairs_13
D:4:      layout_basic, temple_fountains

Skill      XL: |  1 |
---------------+----+-----
Maces & Flails | 2 |  2.1
Fighting       | |  3.7
Armour         | |  2.8
Dodging        | |  0.3
Shields        | |  2.8

Action                   || total
-------------------------++-------
Melee: Flail             ||    57
  Use: Scroll            ||     4
Armor: Scale mail        ||    25
Dodge: Dodged            ||    29
Block: Buckler           ||    10

Table legend: (Time is in decaauts)
 A = Elapsed time spent in this place.
 B = Non-inter-level travel time spent in this place.
 C = Inter-level travel time spent in this place.
 D = Time resting spent in this place.
 E = Time spent auto-exploring this place.
 F = Levels seen in this place.
 G = Mean time per level.
                   A        B        C        D        E       F      G
               +--------+--------+--------+--------+--------+-----+--------+
         Total |   1204 |   1181 |     23 |      0 |   1005 |   3 |  401.3 |
       Dungeon |   1204 |   1181 |     23 |      0 |   1005 |   3 |  401.3 |
               +--------+--------+--------+--------+--------+-----+--------+

Top non-repeatable levels by time:
     D:1: 902 daAuts
     D:2: 240 daAuts
     D:4: 60 daAuts
